 Dungeon Crawl Stone Soup version 0.19-a0-526-gbe2e51c (webtiles) character file.

2275 epen the Charmwright (level 9, -1/66 HPs)
             Began as a Formicid Skald on June 7, 2016.
             Was a Believer of Makhleb.
             Slain by a hill giant
             ... wielding a +0 giant club
              (19 damage)
             ... on level 7 of the Dungeon.
             The game lasted 00:14:17 (8668 turns).

epen the Charmwright (Formicid Skald)               Turns: 8668, Time: 00:14:18

Health: -1/66      AC: 16    Str: 16    XL:     9   Next: 65%
Magic:  9/15       EV: 12    Int: 13    God:    Makhleb [**....]
Gold:   477        SH:  0    Dex: 15    Spells: 4 memorised, 7 levels left

rFire  . . .     SeeInvis +     t - +1 trident
rCold  . . .     Gourm    .     C - +1 ring mail "Ihuac" {rElec Dex+2} (curse)
rNeg   . . .     Faith    .     (no shield)
rPois  .         Spirit   .     (helmet unavailable)
rElec  +         Dismiss  .     I - +1 cloak
rCorr  .         Reflect  .     l - +0 pair of gloves
SustAt .         Harm     .     (no boots)
MR     .....                    (no amulet)
Stlth  +.........               p - +4 ring of protection
                                g - +2 ring of protection

@: very slightly contaminated, not resistant to hostile enchantments, very
unstealthy
A: permanent stasis, dig shafts and tunnels, four strong arms, antennae 3
a: Dig, Shaft Self, Minor Destruction, Renounce Religion


You were on level 7 of the Dungeon.
You worshipped Makhleb.
Makhleb was pleased with you.
You were hungry.

You visited 1 branch of the dungeon, and saw 7 of its levels.

You collected 477 gold pieces.

Inventory:

Hand Weapons
 a - a +0 spear
 t - a +1 trident (weapon)
Armour
 b - a +0 leather armour
 l - a +0 pair of gloves (worn)
 C - the cursed +1 ring mail "Ihuac" (worn) {rElec Dex+2}
   (You found it on level 5 of the Dungeon)

   It affects your dexterity (+2).
   It insulates you from electricity.
   It has a curse placed upon it.
 I - a +1 cloak (worn)
Jewellery
 g - a +2 ring of protection (left hand)
 m - an uncursed ring of teleportation
 p - a +4 ring of protection (right hand)
 q - an uncursed ring of stealth
 D - an uncursed ring of sustain attributes
Wands
 v - a wand of teleportation (4/9)
 x - a wand of lightning (8/15)
 B - a wand of digging (6/24)
Scrolls
 f - 4 scrolls of teleportation
 i - a scroll of magic mapping
 j - a scroll of amnesia
 A - 3 scrolls of identify
 E - 5 scrolls of remove curse
Potions
 e - 3 potions of curing
 h - a potion of brilliance
 k - 2 potions of heal wounds
 o - a potion of magic
 r - 2 potions of lignification
 u - 2 potions of mutation {unknown}
 w - a potion of haste
 F - a potion of might {unknown}
 G - 2 potions of agility {unknown}
Books
 c - a book of Battle

   Spells                             Type                      Level
   a - Infusion                       Charms                       1
   b - Shroud of Golubria             Charms/Translocation         2
   c - Song of Slaying                Charms                       2
   d - Spectral Weapon                Hexes/Charms                 3
   e - Regeneration                   Charms/Necromancy            3
 y - a book of Death

   Spells                             Type                      Level
   a - Corpse Rot                     Necromancy                   2
   b - Sublimation of Blood           Necromancy                   2
   c - Agony                          Necromancy                   5
   d - Dispel Undead                  Necromancy                   5
   e - Excruciating Wounds            Charms/Necromancy            5
   f - Bolt of Draining               Conjuration/Necromancy       5
Comestibles
 d - 9 bread rations
 n - 7 fruits
 s - 3 meat rations
 H - a royal jelly
 J - a slice of pizza


   Skills:
 + Level 4.7 Fighting
 * Level 5.7 Polearms
 + Level 3.8 Armour
 + Level 3.4 Dodging
 + Level 4.5 Spellcasting
 + Level 3.9 Hexes
 * Level 6.5 Charms
 * Level 4.3 Invocations


You had 7 spell levels left.
You knew the following spells:

 Your Spells              Type           Power        Failure   Level  Hunger
a - Shroud of Golubria    Chrm/Tloc      ##........   17%         2    ##.....
b - Song of Slaying       Chrm           ###.....     4%          2    ##.....
c - Spectral Weapon       Hex/Chrm       ###.....     14%         3    ###....
d - Regeneration          Chrm/Necr      ##........   34%         3    ###....


Dungeon Overview and Level Annotations

Branches:
Dungeon (7/15)             Temple (0/1) D:6

Altars:
Cheibriados
Dithmenos
Elyvilon
Gozag
Kikubaaqudgha
Makhleb
Pakellas
Sif Muna
Trog
Zin

Shops:
D:4 =


Innate Abilities, Weirdness & Mutations

You are under a permanent stasis effect.
You can dig through walls and to a lower floor.
Your four strong arms can wield two-handed weapons with a shield.
You have a pair of large antennae on your head. (SInv)


Message History

The hill giant hits you with a giant club!!
Your shroud falls apart!
You hit the hill giant.
The hill giant is lightly wounded.
Your spectral weapon hits the hill giant from afar!
You hit the hill giant but do no damage.
The hill giant is moderately wounded.
Your spectral weapon hits the hill giant from afar.
The hill giant hits you with a giant club!!
* * * LOW HITPOINT WARNING * * *
You are too injured to fight recklessly!
You hit the hill giant.
The hill giant is moderately wounded.
Your spectral weapon hits the hill giant from afar.
The hill giant misses you.
You puncture the hill giant!
The hill giant is severely wounded.
Your spectral weapon barely misses the hill giant.
The hill giant hits you with a giant club!!
You die...

##...###..........(......##
##.## ##......####......#
##..## #....### ###....#
##....###....# ......#
##......##...## ..#...# #
#...#....#...# ###...#
#####...##......## #..#
..##...####....(##
.......##.......@#
####........####.C......
##.....### ##....##.
##...## ...## #..## .....
#..# #...... ##.##
#....##.. #...## ##......
!. ##....####......


You could see a hill giant and a friendly spectral trident.

Vanquished Creatures
  Pikel (D:5)
  The ghost of tyrsky the Conjurer, a novice DrCj (D:6)
  The ghost of epen the Charmwright, an amateur FoSk (D:4)
  Edmund (D:5)
  An ice beast (D:7)
  2 slaves (D:5)
  2 orc warriors
  3 ogres
  2 centaurs
  A big kobold (D:7)
  A scorpion (D:6)
  A giant frog zombie (D:6)
  3 orc wizards
  6 hounds
  A centaur skeleton (D:5)
  An iguana (D:5)
  4 worker ants
  A howler monkey zombie (D:5)
  A worker ant zombie (D:7)
  Robin (D:3)
  7 adders
  A shadow imp (D:5)
  An adder zombie (D:5)
  7 oozes
  An adder skeleton (D:5)
  A worm (D:2)
  6 giant geckos
  10 orcs
  5 giant cockroaches
  11 hobgoblins
  14 jackals
  2 quokkas
  A ball python (D:1)
  10 bats
  A giant gecko skeleton (D:5)
  3 giant newts (D:4)
  23 goblins
  13 kobolds
  A quokka skeleton (D:5)
  9 rats
162 creatures vanquished.

Vanquished Creatures (others)
  A manticore (D:3)
  A slave (D:5)
  2 fulminant prisms (D:6)
  6 spectral weapons
10 creatures vanquished.

Grand Total: 172 creatures vanquished

Notes
Turn   | Place    | Note
--------------------------------------------------------------
     0 | D:1      | epen the Formicid Skald began the quest for the Orb.
     0 | D:1      | Reached XP level 1. HP: 16/16 MP: 3/3
    78 | D:1      | Reached skill level 1 in Dodging
   166 | D:1      | Reached XP level 2. HP: 18/22 MP: 5/5
   323 | D:1      | Learned a level 2 spell: Song of Slaying
   720 | D:1      | Reached XP level 3. HP: 26/28 MP: 6/6
   725 | D:1      | Learned a level 3 spell: Spectral Weapon
  1071 | D:1      | Reached XP level 4. HP: 30/34 MP: 7/7
  1533 | D:2      | Found a bloodstained altar of Trog.
  1551 | D:2      | Found a snail-covered altar of Cheibriados.
  1865 | D:2      | Found a shadowy altar of Dithmenos.
  2332 | D:2      | Found an opulent altar of Gozag.
  2364 | D:2      | Reached XP level 5. HP: 40/40 MP: 8/8
  2774 | D:2      | Learned a level 3 spell: Regeneration
  2893 | D:3      | Reached skill level 4 in Charms
  2921 | D:3      | Reached skill level 1 in Hexes
  2993 | D:3      | Found an ancient bone altar of Kikubaaqudgha.
  3264 | D:3      | Noticed Robin
  3293 | D:3      | Killed Robin
  3617 | D:3      | Found a deep blue altar of Sif Muna.
  3618 | D:3      | Found an oddly glowing altar of Pakellas.
  3842 | D:3      | Found a burning altar of Makhleb.
  3846 | D:3      | Found a glowing silver altar of Zin.
  3846 | D:3      | Noticed an angel
  3847 | D:3      | Noticed a cacodemon
  3860 | D:3      | Became a worshipper of Makhleb the Destroyer
  3966 | D:3      | Found an oddly glowing altar of Pakellas.
  3967 | D:3      | Noticed a manticore
  3970 | D:3      | Killed a manticore
  4230 | D:4      | Reached XP level 6. HP: 46/46 MP: 10/10
  4233 | D:4      | Learned a level 2 spell: Shroud of Golubria
  4320 | D:4      | Noticed an ogre
  4328 | D:4      | Killed an ogre
  4508 | D:4      | Found Habacria's Jewellery Shop.
  4561 | D:4      | Noticed an ogre
  4568 | D:4      | Killed an ogre
  4568 | D:4      | Reached XP level 7. HP: 41/52 MP: 5/11
  4658 | D:4      | HP: 1/52 [orc warrior/flail (3)]
  5310 | D:4      | Noticed epen's ghost (amateur FoSk)
  5326 | D:4      | Killed epen's ghost
  5326 | D:4      | Reached skill level 5 in Charms
  5540 | D:5      | Entered Level 5 of the Dungeon
  5563 | D:5      | Got a shimmering ring mail
  5577 | D:5      | Identified the cursed +1 ring mail "Ihuac" {rElec Dex+2} (You found it on level 5 of the Dungeon)
  5672 | D:5      | Reached XP level 8. HP: 60/60 MP: 13/13
  5852 | D:5      | Reached * piety under Makhleb
  6032 | D:5      | Reached skill level 1 in Invocations
  6452 | D:5      | Noticed Pikel
  6489 | D:5      | Killed Pikel
  6598 | D:5      | Reached skill level 6 in Charms
  6598 | D:5      | Reached XP level 9. HP: 65/65 MP: 12/15
  6732 | D:5      | Found a white marble altar of Elyvilon.
  6787 | D:5      | Noticed Edmund
  6795 | D:5      | Killed Edmund
  6795 | D:5      | Reached skill level 5 in Polearms
  7303 | D:6      | Noticed tyrsky's ghost (novice DrCj)
  7327 | D:6      | Killed tyrsky's ghost
  7929 | D:6      | Found a staircase to the Ecumenical Temple.
  8291 | D:7      | Reached ** piety under Makhleb
  8658 | D:7      | Noticed a hill giant
  8668 | D:7      | Slain by a hill giant

Vault maps used:
D:1:      erik_arrival_cave_to_civilisation
D:2:      bloody_trog, grunt_gozag_statues, lemuel_coloured_pillars_altar,
          nicolae_overflow_crystal_walls
D:3:      kennysheep_goblin_castle, grunt_temple_overflow_order_and_chaos_2,
          nicolae_overflow_hidden_temple, lemuel_round_altar, first_bread,
          gammafunk_pakellas_spire_experiment
D:4:      serial_shops, kennysheep_mini, grunt_ministairs_5
D:5:      wad_river_or_something, kennysheep_mini_moat, uniq_pikel, uniq_edmund
D:6:      minmay_temple_entry_hall

Skill      XL: |  1  2  3  4  5  6  7  8  9 |
---------------+----------------------------+-----
Dodging        | 1 2 3 |  3.4
Charms         | 4 5 6 |  6.5
Hexes          | 1 2 3 |  3.9
Polearms       | 3 4 5 |  5.7
Fighting       | 3 4 |  4.7
Armour         | 2 3 |  3.8
Spellcasting   | 3 4 |  4.5
Invocations    | 2 4 |  4.3

Action                   |  1- 3 |  4- 6 |  7- 9 || total
-------------------------+-------+-------+-------++-------
Melee: Spear             |   136 |    66 |       ||   202
       Trident           |       |   158 |   372 ||   530
 Cast: Song of Slaying   |     2 |     1 |     1 ||     4
       Spectral Weapon   |       |     4 |    17 ||    21
       Shroud of Golubri |       |     2 |     3 ||     5
  Use: Scroll            |       |     7 |     7 ||    14
 Stab: Distracted        |       |       |     2 ||     2
  Eat: Chunk             |     1 |    12 |    13 ||    26
       Royal jelly       |       |       |     1 ||     1
Armor: Leather armour    |    37 |    87 |     9 ||   133
       Ring mail         |       |       |   129 ||   129
Dodge: Dodged            |    59 |   152 |   208 ||   419
